 Dungeon Crawl Stone Soup version 0.26-a0-708-g17f3b190f9 (webtiles) character file.

Game seed: 4266191295632199856

1150 snetch the Poker (level 8, -3/60 HPs)
             Began as a Gnoll Wanderer on Oct 27, 2020.
             Was a Follower of Qazlal.
             Slain by an orc warrior
             ... wielding a +0 dire flail
              (16 damage)
             ... on level 7 of the Dungeon.
             The game lasted 00:28:19 (7635 turns).

snetch the Poker (Gnoll Wanderer)                   Turns: 7635, Time: 00:28:19

Health: -3/60      AC:  7    Str: 16    XL:     8   Next: 38%
Magic:  12/12      EV: 11    Int: 15    God:    Qazlal [*.....]
Gold:   285        SH:  7    Dex: 15    Spells: 13/13 levels left

rFire    . . .     SeeInvis .   a - +3 flail (vorpal)
rCold    . . .     Faith    .   E - +0 buckler
rNeg     . . .     Spirit   .   H - +0 scale mail
rPois    .         Reflect  .   (no helmet)
rElec    .         Harm     .   (no cloak)
rCorr    .         Rampage  .   (no gloves)
MR       +....                  (no boots)
Stlth    ++........             (no amulet)
HPRegen  0.20/turn              D - ring of protection from magic
MPRegen  0.13/turn              (no ring)

@: no status effects
A: distributed training, fangs 1, strong nose
a: Renounce Religion


You were on level 7 of the Dungeon.
You worshipped Qazlal.
Qazlal was aware of your devotion.
You visited 1 branch of the dungeon, and saw 8 of its levels.

You collected 285 gold pieces.

Inventory:

Hand Weapons
 a - a +3 vorpal flail (weapon)
 b - a +2 spear
 c - a +0 shortbow
 e - a +0 lajatang
 r - a +1 dagger of pain
 s - a +2 dagger of venom
 u - a +0 quarterstaff
 y - a +0 hand axe
 N - a +0 falchion
 P - a +0 morningstar
Missiles
 g - 21 poisoned darts (quivered)
 h - 230 stones
 q - 8 atropa-tipped darts
 C - 44 sling bullets
 F - 3 boomerangs
 I - 47 arrows
 K - 20 bolts
Armour
 E - a +0 buckler (worn)
 H - a +0 scale mail (worn)
Jewellery
 D - a ring of protection from magic (left hand)
Wands
 f - a wand of flame (18)
 w - a wand of iceblast (6)
 J - a wand of disintegration (12)
Scrolls
 k - 2 scrolls of fear
 n - a scroll of remove curse
 o - 2 scrolls of fog {unknown}
 v - 5 scrolls of teleportation {unknown}
 x - 3 scrolls of magic mapping {unknown}
 z - 2 scrolls of enchant weapon {unknown}
 A - a scroll of blinking
 B - 2 scrolls of random uselessness {unknown}
 G - a scroll of enchant armour
 L - a scroll of amnesia
 M - a scroll of immolation
 O - 3 scrolls of noise {unknown}
Potions
 d - a potion of lignification
 i - 2 potions of ambrosia
 j - a potion of cancellation
 l - a potion of curing
 m - 2 potions of heal wounds {unknown}
 p - 2 potions of flight
 t - a potion of haste


   Skills:
 + Level 4.2 Fighting
 + Level 3.2 Short Blades
 + Level 3.2 Long Blades
 + Level 3.2 Axes
 + Level 5.6 Maces & Flails
 + Level 7.3 Polearms
 + Level 3.2 Staves
 + Level 3.2 Slings
 + Level 3.2 Bows
 + Level 3.2 Crossbows
 + Level 3.2 Throwing
 + Level 4.2 Armour
 + Level 3.2 Dodging
 + Level 5.3 Stealth
 + Level 4.2 Shields
 + Level 3.2 Unarmed Combat
 + Level 3.2 Spellcasting
 + Level 2.6 Conjurations
 + Level 2.6 Hexes
 + Level 2.6 Summonings
 + Level 2.6 Necromancy
 + Level 2.6 Translocations
 + Level 2.6 Transmutations
 + Level 2.6 Fire Magic
 + Level 2.6 Ice Magic
 + Level 2.6 Air Magic
 + Level 2.6 Earth Magic
 + Level 2.6 Poison Magic
 + Level 3.5 Invocations
 + Level 3.2 Evocations


You had 13 spell levels left.
You didn't know any spells.
Your spell library contained the following spells:

 Spells                   Type           Power        Failure   Level
 Beastly Appendage        Tmut           ##....       22%         1
 Corona                   Hex            ##.....      22%         1
 Ensorcelled Hibernation  Hex/Ice        ##....       34%         2
 Wereblood                Tmut           ##......     34%         2
 Confusing Touch          Hex            ##......     56%         3
 Dazzling Flash           Conj/Hex       ##....       56%         3
 Gell's Gravitas          Tloc           ##........   56%         3
 Spider Form              Tmut/Pois      ##........   56%         3
 Tukima's Dance           Hex            ##......     56%         3
 Ice Form                 Ice/Tmut       ##......     92%         4
 Petrify                  Tmut/Erth      ##......     92%         4
 Blade Hands              Tmut           ##........   99%         5
 Metabolic Englaciation   Hex/Ice        ##........   99%         5
 Yara's Violent Unravell  Hex/Tmut       ##........   99%         5


Dungeon Overview and Level Annotations

Branches:
Dungeon (8/15)             Temple (0/1) D:7
   Lair: D:8-11

Altars:
Ashenzari
Qazlal
Trog
Uskayaw

Shops:
D:6 (

Annotations:
D:3 moth behind grate
D:7 dancing weapons behind glass


Innate Abilities, Weirdness & Mutations

Your experience applies equally to all skills.
You have very sharp teeth.
Your uncanny sense of smell can sniff out nearby items.


Message History

Okay, then.
You hit the orc warrior but do no damage.
The orc warrior hits you with a +0 dire flail.
You completely miss the orc warrior.
The orc warrior hits you with a +0 dire flail!
As you read the scroll of remove curse, it crumbles to dust.
You feel as if something is helping you.
The orc warrior closely misses you.
a - a +3 vorpal flail (weapon)
You hit the orc warrior.
The orc warrior is moderately wounded.
The orc warrior hits you with a +0 dire flail!
* * * LOW HITPOINT WARNING * * *
You thump the orc warrior!
The orc warrior is heavily wounded.
The orc warrior misses you.
You closely miss the orc warrior.
The orc warrior is heavily wounded.
The orc warrior hits you with a +0 dire flail!
You die...

#............<....#..#. .
##+#######..###...####.##
♣♣.♣♣<..........
#+#♣.###.###... ♣...#.#
#.. ♣##.#.# #..
♣♣♣♣♣##.#.# #..
#.#######..#.##.#.####..
.......@oo...........+..
##########.######.#'##..
.........)...........
........##..###......
###########.###......
#..##...... #####
##.##......
#[....##..#......
#.........#......


You could see an orc warrior and an orc.

Vanquished Creatures
  An ice beast (D:5)
  A sky beast (D:6)
  2 phantoms
  A necrophage (D:5)
  A bullfrog (D:7)
  2 scorpions (D:5)
  2 jellies
  An orc priest (D:3)
  A gnoll shaman (D:6)
  A bullfrog skeleton (D:6)
  3 iguanas
  2 worker ants
  2 hound skeletons
  A worker ant zombie (D:5)
  6 gnolls
  5 adders
  A white imp (D:6)
  3 ufetubi (D:6)
  An adder zombie (D:6)
  3 worms
  4 leopard geckos
  13 orcs
  5 giant cockroaches
  8 goblins
  8 hobgoblins
  3 jackals (D:5)
  10 kobolds
  8 bats
  8 frilled lizards
  11 rats
118 creatures vanquished.

Notes
Turn   | Place    | Note
-------+----------+-------------------------------------------
     0 | D:1      | snetch the Gnoll Wanderer began the quest for the Orb.
     0 | D:1      | snetch set off with the following items: a +2 spear, a +0
                  | shortbow, 26 arrows, a potion of lignification, a +0 robe,
                  | a +0 dagger
     0 | D:1      | Reached XP level 1. HP: 17/17 MP: 1/1
   157 | D:2      | Reached XP level 2. HP: 19/23 MP: 2/2
   486 | D:2      | Reached XP level 3. HP: 27/28 MP: 3/3
   919 | D:2      | Reached skill level 1 in Invocations
   936 | D:2      | Found a stormy altar of Qazlal.
   946 | D:2      | Became a worshipper of Qazlal Stormbringer
  1045 | D:3      | Reached skill level 1 in Short Blades
  1045 | D:3      | Reached skill level 1 in Long Blades
  1045 | D:3      | Reached skill level 1 in Axes
  1045 | D:3      | Reached skill level 1 in Staves
  1045 | D:3      | Reached skill level 1 in Slings
  1045 | D:3      | Reached skill level 1 in Bows
  1045 | D:3      | Reached skill level 1 in Crossbows
  1045 | D:3      | Reached skill level 1 in Throwing
  1045 | D:3      | Reached skill level 1 in Dodging
  1045 | D:3      | Reached skill level 1 in Unarmed Combat
  1045 | D:3      | Reached skill level 1 in Spellcasting
  1045 | D:3      | Reached skill level 1 in Evocations
  1045 | D:3      | Reached XP level 4. HP: 29/34 MP: 5/5
  1299 | D:3      | Found a bloodstained altar of Trog.
  1299 | D:3      | Noticed a moth of wrath
  1688 | D:3      | Reached skill level 1 in Conjurations
  1688 | D:3      | Reached skill level 1 in Hexes
  1688 | D:3      | Reached skill level 1 in Summonings
  1688 | D:3      | Reached skill level 1 in Necromancy
  1688 | D:3      | Reached skill level 1 in Translocations
  1688 | D:3      | Reached skill level 1 in Transmutations
  1688 | D:3      | Reached skill level 1 in Fire Magic
  1688 | D:3      | Reached skill level 1 in Ice Magic
  1688 | D:3      | Reached skill level 1 in Air Magic
  1688 | D:3      | Reached skill level 1 in Earth Magic
  1688 | D:3      | Reached skill level 1 in Poison Magic
  1832 | D:3      | Reached * piety under Qazlal
  1915 | D:3      | Reached XP level 5. HP: 10/40 MP: 5/7
  1917 | D:3      | HP: 1/40 [orc/+0 hand axe (6)]
  1956 | D:3      | HP: 2/40 [orc/+0 trident (4)]
  2979 | D:5      | Entered Level 5 of the Dungeon
  3499 | D:5      | Reached XP level 6. HP: 46/47 MP: 8/8
  3840 | D:5      | Reached skill level 5 in Maces & Flails
  3865 | D:5      | Noticed an ice beast
  3874 | D:5      | HP: 1/47 [ice beast (11)]
  3875 | D:5      | Killed an ice beast
  4473 | D:5      | Reached XP level 7. HP: 37/52 MP: 10/10
  4555 | D:5      | Reached skill level 7 in Polearms
  4899 | D:6      | Reached skill level 5 in Stealth
  5614 | D:6      | Found Ruqoh's Weapon Shoppe.
  5641 | D:7      | Found a hide-covered altar of Uskayaw.
  5641 | D:7      | Noticed a +0 hand axe
  5641 | D:7      | Noticed a +0 hand axe
  5819 | D:6      | Reached XP level 8. HP: 11/60 MP: 12/12
  7515 | D:7      | Found a broken altar of Ashenzari.
  7603 | D:7      | Found a staircase to the Ecumenical Temple.
  7635 | D:7      | Slain by an orc warrior

Illustrated notes

Levels and vault maps discovered:
D:1:      psy_arrival_basics, layout_basic, nrook_campfire
D:2:      cheibrodos_helix_gallery, layout_rooms, grunt_qazlal_clouds
D:3:      layout_rooms, minivault_25, tgw_trog
D:4:      layout_basic, st_stairs_7
D:5:      layout_loops_ring
D:6:      layout_layer_cave, serial_shops, shop
D:7:      layout_basic, dancing_weapons_uskayaw, minmay_temple_entry_tees,
          serial_shops, kennysheep_mini_moat, shop, evilmike_ruin_ashenzari,
          uniq_maggie
D:8:      layout_loops_ring, minmay_lair_entry_grove, uniq_harold

Skill      XL: |  1  2  3  4  5  6  7  8 |
---------------+-------------------------+-----
Invocations    | 1 2 3 |  3.5
Short Blades   | 1 2 3 |  3.2
Long Blades    | 1 2 3 |  3.2
Axes           | 1 2 3 |  3.2
Staves         | 1 2 3 |  3.2
Slings         | 1 2 3 |  3.2
Bows           | 1 2 3 |  3.2
Crossbows      | 1 2 3 |  3.2
Throwing       | 1 2 3 |  3.2
Dodging        | 1 2 3 |  3.2
Unarmed Combat | 1 2 3 |  3.2
Spellcasting   | 1 2 3 |  3.2
Evocations     | 1 2 3 |  3.2
Conjurations   | 1 2 |  2.6
Hexes          | 1 2 |  2.6
Summonings     | 1 2 |  2.6
Necromancy     | 1 2 |  2.6
Translocations | 1 2 |  2.6
Transmutations | 1 2 |  2.6
Fire Magic     | 1 2 |  2.6
Ice Magic      | 1 2 |  2.6
Air Magic      | 1 2 |  2.6
Earth Magic    | 1 2 |  2.6
Poison Magic   | 1 2 |  2.6
Fighting       | 3 4 |  4.2
Armour         | 3 4 |  4.2
Shields        | 3 4 |  4.2
Maces & Flails | 5 |  5.6
Polearms       | 7 |  7.3
Stealth        | 5 |  5.3

Action                   |  1- 3 |  4- 6 |  7- 9 || total
-------------------------+-------+-------+-------++-------
Melee: Spear             |    89 |   121 |       ||   210
       Bite              |     7 |    22 |    16 ||    45
       Flail             |       |    69 |    57 ||   126
       Falchion          |       |       |    82 ||    82
Evoke: Wand              |       |     1 |       ||     1
  Use: Potion            |       |     2 |       ||     2
       Scroll            |       |     2 |     9 ||    11
 Stab: Sleeping          |     9 |     2 |       ||    11
       Distracted        |     1 |       |       ||     1
Armor: Robe              |     3 |       |       ||     3
       Ring mail         |    10 |    15 |       ||    25
       Scale mail        |       |    17 |    34 ||    51
Dodge: Dodged            |    20 |    57 |    55 ||   132
Block: Buckler           |       |    31 |    48 ||    79
       Rpst.: Falchion   |       |       |     9 ||     9

Table legend: (Time is in decaauts)
 A = Elapsed time spent in this place.
 B = Non-inter-level travel time spent in this place.
 C = Inter-level travel time spent in this place.
 D = Time resting spent in this place.
 E = Time spent auto-exploring this place.
 F = Levels seen in this place.
 G = Mean time per level.
                   A        B        C        D        E       F      G
               +--------+--------+--------+--------+--------+-----+--------+
         Total |   7645 |   7243 |    402 |   1468 |   3927 |   8 |  955.6 |
       Dungeon |   7645 |   7243 |    402 |   1468 |   3927 |   8 |  955.6 |
               +--------+--------+--------+--------+--------+-----+--------+

Top non-repeatable levels by time:
     D:5: 1786 daAuts
     D:6: 1555 daAuts
     D:3: 1180 daAuts
     D:4: 1016 daAuts
     D:2: 890 daAuts
     D:1: 770 daAuts
     D:7: 444 daAuts
     D:8: 1 daAuts
